cohdb
Replays
Latest Replays
All Replays
Popular Replays
Top Player Replays
Match Explorer
How It Works
Community
CoH3 Stats
Reddit
Sign in to upload your games and track your stats! →
Sign in with Steam
Match 47057612
Unlisted
Match 47057612
Overview
Messages
Build Orders
End
Pioneer Squad
Construct Infanterie Kompanie
MG 42 Machine Gun Team
GrW 34 Mortar Team
Grenadier Squad
Medical Station
Pioneer Squad
Construct Luftwaffe Kompanie
MG 42 Machine Gun Team
Jäger Squad
Jäger Squad
Infanterie Officer Quarters
Jäger Squad
Construct Panzer Kompanie
Luftwaffe Officer Quarters
Selects Mechanized Battlegroup
Selects Raid Package
Selects 8 Rad Armored Car
Selects Raid Package
Selects StuG Assault Group
Selects UNKNOWN (2160084)
Panther Heavy Tank
Selects Spotting Scopes
Aleck
Torches ® Dogs
-Caso-
ionwood
[SDC] McOmghall
Baigaman
Shaka
XOXO
0
0
Comments
sign in to comment!
No comments posted yet!